 Dungeon Crawl Stone Soup version 0.25-a0-1126-g5fd7b56c60 (webtiles) character file.

Game seed: 8837930053097843028, levelgen mode: deterministic

86 Chiseanne the Cudgeler (level 4, -11/34 HPs)
             Began as a Demonspawn Wanderer on May 19, 2020.
             Mangled by Crazy Yiuf
             ... wielding a +2 quarterstaff of chaos
              (14 damage)
             ... on level 2 of the Dungeon.
             The game lasted 00:02:53 (1762 turns).

Chiseanne the Cudgeler (Demonspawn Wanderer)        Turns: 1762, Time: 00:02:54

Health: -11/34     AC:  5    Str: 15    XL:     4   Next: 26%
Magic:  4/4        EV: 11    Int: 12    God:
Gold:   65         SH:  0    Dex: 12    Spells: 3/3 levels left

rFire    . . .     SeeInvis .   a - +2 mace
rCold    . . .     Gourm    .   (no shield)
rNeg     . . .     Faith    .   b - +0 ring mail
rPois    .         Spirit   .   (helmet restricted)
rElec    .         Reflect  .   (no cloak)
rCorr    .         Harm     .   (no gloves)
MR       .....                  (no boots)
Stlth    +.........             (no amulet)
HPRegen  0.11/turn              (no ring)
MPRegen  0.09/turn              (no ring)

@: hasted, very quick
A: horns 2
a: no special abilities


You were on level 2 of the Dungeon.
You were not hungry.

You visited 1 branch of the dungeon, and saw 3 of its levels.

You collected 65 gold pieces.

Inventory:

Hand Weapons
 a - a +2 mace (weapon)
 h - a +0 dagger of electrocution
 i - a +2 dagger of protection
Missiles
 e - 51 stones (quivered)
 f - 31 arrows
 g - 13 sling bullets
Armour
 b - a +0 ring mail (worn)
Scrolls
 c - a scroll of teleportation
Potions
 k - a potion of ambrosia {unknown}
 n - a potion of magic
Comestibles
 d - 3 rations
 l - 2 chunks of flesh


   Skills:
 * Level 2.4 Fighting
 - Level 3.6 Maces & Flails
 * Level 3.4 Armour
 * Level 1.9 Dodging
 - Level 1.0 Stealth
   Level 1.0 Shields


You had 3 spell levels left.
You didn't know any spells.
Your spell library was empty.

Dungeon Overview and Level Annotations

Branches:
Dungeon (3/15)

Altars:

Annotations:
D:2 Crazy Yiuf


Innate Abilities, Weirdness & Mutations

You have a pair of horns on your head.


Message History

Crazy Yiuf is moderately wounded.
Crazy Yiuf says, "Island!
Cards fast light."
Crazy Yiuf hits you but does no damage.
Crazy Yiuf hits you with a +2 quarterstaff of chaos.
Crazy Yiuf freezes you.
You barely miss Crazy Yiuf.
Crazy Yiuf is moderately wounded.
Crazy Yiuf hits you with a +2 quarterstaff of chaos.
You convulse.
* * * LOW HITPOINT WARNING * * *
It was a potion of haste.
You feel yourself speed up. Crazy Yiuf barely misses you.
You hit Crazy Yiuf.
Crazy Yiuf is moderately wounded.
You closely miss Crazy Yiuf.
Crazy Yiuf is moderately wounded.
Crazy Yiuf hits you with a +2 quarterstaff of chaos!
* * * LOW HITPOINT WARNING * * *
Space warps horribly around you!
You die...

#..####....#
#.# P.#.
#..# ##..##
#.# .P#.
#รท.# #)...#
###.## ..#.
#..# ##.).#
#....# #.#.
#..# ##.##
#....####.#)
##..# ##.#
#.....)...#.
#...# #.##
#....###..#.
##### ##.#
#......#..#.
#@##
#...........
#g#
#........>..
...
#...........
#...#
#...........
#)..#
#.....#.....
#####
..........
...###.#..
#.#..


You could see Crazy Yiuf.

Vanquished Creatures
  2 adders (D:2)
  An adder zombie (D:2)
  An adder skeleton (D:2)
  2 worms (D:2)
  6 dart slugs
  An orc (D:2)
  2 giant cockroaches
  3 goblins
  6 hobgoblins
  3 jackals (D:2)
  4 kobolds
  2 bats (D:1)
  2 frilled lizards (D:1)
  A giant cockroach zombie (D:2)
  8 rats
44 creatures vanquished.

Notes
Turn   | Place    | Note
-------+----------+-------------------------------------------
     0 | D:1      | Chiseanne the Demonspawn Wanderer began the quest for the
                  | Orb.
     0 | D:1      | Chiseanne set off with the following items: a +2 mace, a +0
                  | ring mail, a scroll of teleportation, a ration
     0 | D:1      | Reached XP level 1. HP: 15/15 MP: 1/1
   192 | D:1      | Gained mutation: You have a pair of small horns on your
                  | head. [demonic ancestry]
   192 | D:1      | Reached XP level 2. HP: 19/21 MP: 2/2
   462 | D:1      | Reached skill level 1 in Dodging
   859 | D:2      | Reached XP level 3. HP: 27/27 MP: 3/3
  1501 | D:2      | Gained mutation: You have a pair of horns on your head.
                  | [demonic ancestry]
  1501 | D:2      | Reached XP level 4. HP: 29/34 MP: 4/4
  1751 | D:2      | Found a runed translucent door.
  1752 | D:2      | Noticed Crazy Yiuf
  1762 | D:2      | Mangled by Crazy Yiuf

Illustrated notes

Levels and vault maps discovered:
D:1:      eino_arrival_tree_alley, layout_basic
D:2:      layout_basic, serial_undead, serial_undead_e, serial_undead_e,
          serial_undead_b, serial_undead_e, uniq_crazy_yiuf_cottage,
          uniq_jessica
D:3:      layout_loops_ring, minmay_overflow_temple_hex,
          nicolae_overflow_hidden_temple, first_ration

Skill      XL: |  1  2  3 |
---------------+----------+-----
Armour         | 3 |  3.4
Dodging        | 1 |  1.9
Fighting       | 2 |  2.4
Maces & Flails | |  3.6
Stealth        | |  1.0
Shields        | |  1.0

Action                   |  1- 3 |  4- 6 || total
-------------------------+-------+-------++-------
Melee: Mace              |   111 |    17 ||   128
       Headbutt          |     9 |     1 ||    10
  Use: Scroll            |     4 |     1 ||     5
       Potion            |       |     1 ||     1
  Eat: Chunk             |     2 |     1 ||     3
Armor: Ring mail         |    25 |     4 ||    29
Dodge: Dodged            |    68 |     8 ||    76

Table legend:
 A = Non-vault XP
 B = Vault XP
 C = Vault XP percentage of total XP
 D = Non-vault monster count
 E = Vault monster count
 F = Vault count percentage of total count
                 A         B        C        D         E       F
            +---------+---------+-------+---------+---------+-------
      Total |     111 |      12 |   9.8 |      41 |       3 |   6.8
            +---------+---------+-------+---------+---------+-------
        D:1 |      39 |       0 |   0.0 |      22 |       0 |   0.0
        D:2 |      72 |      12 |  14.3 |      19 |       3 |  13.6
            +---------+---------+-------+---------+---------+-------
